 Dungeon Crawl Stone Soup version 0.30-a0-1043-g60ff8d5f49 (webtiles) character file.

Game seed: 10230607800233634409

2205 juan097 the Basher (level 9, -1/75 HPs)
             Began as a Meteoran Fighter on Apr 8, 2023.
             Was an Elder of Ru.
             Slain by Joseph
             ... wielding a +3 spectral quarterstaff
              (11 damage)
             ... on level 7 of the Dungeon on Apr 9, 2023.
             The game lasted 00:23:44 (3089 turns).

juan097 the Basher (Meteoran Fighter)               Turns: 3089, Time: 00:23:45

Health: -1/75      AC:  8    Str: 21    XL:     9   Next: 91%
Magic:  19/19      EV: 11    Int: 11    God:    Ru [****..]
Gold:   283        SH:  0    Dex: 14    Spells: 8/8 levels left

rFire   . . .      SeeInvis .    a - +0 flail
rCold   . . .      Faith    +    (shield unavailable)
rNeg    . . .      Spirit   .    x - +0 scale mail
rPois   .          Reflect  .    g - +0 hat
rElec   .          Rampage  .    (no cloak)
rCorr   .                        A - +0 pair of gloves
Will    +....                    (no boots)
Stlth   +                        o - amulet of faith
HPRegen 0.32/turn                (ring unavailable)
MPRegen 0.16/turn                z - ring of magical power

@: glowing
A: sense surroundings 2, missing a hand, hated by all, otherworldly, glowing,
explore regen
a: Renounce Religion, Draw Out Power, Power Leap


You were on level 7 of the Dungeon.
You worshipped Ru.
Ru was greatly pleased with you.
You visited 1 branch of the dungeon, and saw 7 of its levels.

You collected 454 gold pieces.
You spent 171 gold pieces at shops.

Inventory:

Hand Weapons
 a - a +0 flail (weapon)
 b - a +0 sling
 p - the +2 hand axe of Uxoublu {flame, Will+ Int+2}
   (You found it on level 2 of the Dungeon)

   Int:       It affects your intelligence (+2).
   Will:      It increases your willpower.
Missiles
 e - 23 poisoned darts (quivered)
 f - 5 boomerangs
Armour
 g - a +0 hat (worn)
 x - a +0 scale mail (worn)
 A - a +0 pair of gloves (worn)
 M - a +0 pair of boots
Jewellery
 c - a ring of flight
 o - an amulet of faith (around neck)
 q - an amulet of magic regeneration
 y - a ring of fire
 z - a ring of magical power (right hand)
 J - a ring of poison resistance
Wands
 d - a wand of roots (1)
 I - a wand of acid (7)
Scrolls
 h - 3 scrolls of immolation {unknown}
 j - 9 scrolls of identify {unknown}
 k - 2 scrolls of noise {unknown}
 l - a scroll of fear {unknown}
 n - a scroll of acquirement {unknown}
 r - a scroll of magic mapping {unknown}
 w - a scroll of teleportation {unknown}
 B - 2 scrolls of enchant weapon {unknown}
 E - a scroll of vulnerability {unknown}
 F - a scroll of silence {unknown}
 H - a scroll of brand weapon {unknown}
 N - a scroll of amnesia {unknown}
Potions
 i - 3 potions of attraction {unknown}
 m - 4 potions of flight {unknown}
 s - 2 potions of degeneration {unknown}
 t - 5 potions of curing {unknown}
 u - a potion of resistance {unknown}
 v - 2 potions of heal wounds {unknown}
 C - a potion of ambrosia {unknown}
 D - a potion of haste {unknown}
 G - a potion of lignification {unknown}
 K - a potion of might
 L - a potion of mutation {unknown}


   Skills:
 - Level 6.0 Fighting
 + Level 8.8 Maces & Flails
 - Level 4.0 Throwing
 - Level 5.0 Armour
 - Level 4.0 Dodging
 - Level 4.0 Stealth
   Level 0.0 Shields
 + Level 4.8 Evocations


You had 8 spell levels left.
You didn't know any spells.
Your spell library contained the following spells:

 Spells                   Type           Power      Damage    Failure   Level
 Magic Dart               Conj           0%         1d3       67%         1
 Blink                    Tloc           0%         N/A       80%         2
 Mephitic Cloud           Conj/Pois/Air  0%         N/A       95%         3
 Manifold Assault         Tloc           0%         N/A       100%        4
 Storm Form               Tmut/Air       0%         N/A       100%        7
 Call Imp                 Summ           Unusable   N/A       N/A         2

Dungeon Overview and Level Annotations

Branches:
Dungeon (7/15) Zot: 1047   Temple (0/1) D:6

Altars:
Ashenzari
Elyvilon
Gozag
Ru
Wu Jian

Shops:
D:3 (   D:4 *

Annotations:
D:4 Sigmund
D:7 Joseph


Innate Abilities, Weirdness & Mutations

You passively map the area around you.
You are missing a hand.
You are hated by all.
You are easily found by Zot.
You glow in the dark.
You regain HP and MP as you explore.


Message History

You closely miss the bullfrog.
The bullfrog is lightly wounded.
Joseph unwields a +0 sling.
Joseph wields a +3 spectral quarterstaff.
Joseph misses you. The bullfrog barely misses you.
Aiming: Corrosive Bolt
Press: ? - help, Shift-Dir - straight line, f/p - Joseph
Aim: Joseph, wielding a +3 spectral quarterstaff and wearing a +0 leather armour (74% to hit)
The bolt of acid hits Joseph!!
Joseph is moderately wounded.
The bullfrog barely misses you.
Joseph hits you with a +3 spectral quarterstaff!
The bullfrog hits you.
You closely miss Joseph.
Joseph is moderately wounded.
The bullfrog hits you.
Joseph is stunned by your conviction and fails to attack.
You hit Joseph.
Joseph is moderately wounded.
The bullfrog is stunned by your conviction and fails to attack.
The bullfrog hits you but does no damage.
Joseph hits you with a +3 spectral quarterstaff.
You barely miss Joseph.
Joseph is moderately wounded.
The bullfrog hits you but does no damage.
Joseph hits you with a +3 spectral quarterstaff!!
* * * LOW HITPOINT WARNING * * *
You hit Joseph.
Joseph is heavily wounded.
The bullfrog barely misses you.
The bullfrog hits you but does no damage.
Joseph hits you with a +3 spectral quarterstaff!
* * * LOW HITPOINT WARNING * * *
Aiming: Corrosive Bolt
Press: ? - help, Shift-Dir - straight line, f/p - Joseph
Aim: Joseph, wielding a +3 spectral quarterstaff and wearing a +0 leather armour (heavily wounded, 74% to hit)
The bolt of acid misses Joseph.
The bullfrog hits you.
* * * LOW HITPOINT WARNING * * *
Joseph hits you with a +3 spectral quarterstaff!
You die...

(................##
..#......##.......#
#.#......####.....### #
.......# #.......# #.......#
#.....#.########### ###...###
#...........#.....## *#(
#....#.............##
###.######...................#
#...........F@...............#
*
........######@..............#
#.......###..................#
........#...##...............#
#..@..@.†.#####.............##
, §#......### ##.....#.....##
, #§#.##### ############# §,*
,*,*


You could see Joseph and a bullfrog.

Vanquished Creatures
  Pikel (D:4)
  A wyvern (D:5)
  An ice beast (D:6)
  A sky beast (D:7)
  An ogre (D:5)
  An orc warrior (D:6)
  A centaur (D:5)
  2 phantoms
  2 bullfrogs
  2 scorpions
  2 howler monkeys
  3 jellies
  2 orc priests (D:6)
  A hound (D:5)
  A sleepcap (D:5)
  2 iguanas
  7 orc wizards
  7 gnolls
  2 adders
  3 white imps
  3 worms
  A dart slug (D:3)
  13 orcs
  6 endoplasms
  3 giant cockroaches
  4 goblins
  5 hobgoblins
  6 quokkas
  4 ball pythons
  7 bats
  A frilled lizard (D:2)
  6 kobolds
  7 rats
109 creatures vanquished.

Vanquished Creatures (others)
  A black bear (D:6)
  A sleepcap (D:6)
  A plant (D:7)
3 creatures vanquished.

Grand Total: 112 creatures vanquished

Notes
Turn   | Place    | Note
-------+----------+-------------------------------------------
     0 | D:1      | juan097 the Meteoran Fighter began the quest for the Orb.
     0 | D:1      | Reached XP level 1. HP: 19/19 MP: 2/2
   116 | D:1      | Reached XP level 2. HP: 26/26 MP: 3/3
   220 | D:1      | Reached skill level 3 in Maces & Flails
   321 | D:1      | Reached XP level 3. HP: 31/31 MP: 4/4
   685 | D:2      | Identified the +2 hand axe of Uxoublu {flame, Will+ Int+2}
   786 | D:2      | Reached skill level 1 in Stealth
   933 | D:2      | Reached XP level 4. HP: 38/40 MP: 5/5
  1191 | D:3      | Found a faded altar of an unknown god.
  1241 | D:3      | Reached skill level 4 in Maces & Flails
  1286 | D:3      | Found a sacrificial altar of Ru.
  1288 | D:3      | Upgraded the game from 0.30-a0-1035-g38d5fb2972 to
                  | 0.30-a0-1043-g60ff8d5f49
  1294 | D:3      | Became a worshipper of Ru the Awakened
  1342 | D:3      | Found a broken altar of Ashenzari.
  1364 | D:3      | Reached XP level 5. HP: 7/46 MP: 6/6
  1383 | D:3      | Found Veysha's Weapon Shop.
  1586 | D:4      | Found Letol's Assorted Antiques.
  1601 | D:4      | Bought a blue potion for 27 gold pieces
  1601 | D:4      | Bought a viscous silvery potion for 27 gold pieces
  1601 | D:4      | Bought a scroll labelled OTOACWIOTE for 30 gold pieces
  1601 | D:4      | Bought a red potion for 27 gold pieces
  1616 | D:4      | Bought a scroll labelled SAOFAFELLA for 30 gold pieces
  1616 | D:4      | Bought a scroll labelled SEUMY XEEH for 30 gold pieces
  1748 | D:5      | Entered Level 5 of the Dungeon
  1752 | D:4      | Noticed Sigmund
  1760 | D:5      | Noticed a wyvern
  1772 | D:5      | HP: 2/46 [wyvern (5)]
  1775 | D:5      | Killed a wyvern
  1776 | D:5      | Reached skill level 5 in Maces & Flails
  1776 | D:5      | Reached XP level 6. HP: 3/52 MP: 7/7
  1804 | D:5      | Reached skill level 6 in Maces & Flails
  1804 | D:5      | Reached XP level 7. HP: 23/59 MP: 8/8
  1963 | D:4      | Noticed Pikel
  1997 | D:4      | Killed Pikel
  1998 | D:4      | Reached XP level 8. HP: 31/67 MP: 9/9
  2014 | D:4      | Found a white marble altar of Elyvilon.
  2020 | D:4      | Gained mutation: You are missing a hand. [Ru sacrifice]
  2020 | D:4      | Reached * piety under Ru
  2020 | D:4      | Reached ** piety under Ru
  2020 | D:4      | Reached *** piety under Ru
  2254 | D:5      | Reached skill level 5 in Fighting
  2275 | D:5      | Found an ornate altar of the Wu Jian Council.
  2306 | D:5      | Reached skill level 7 in Maces & Flails
  2421 | D:6      | Gained mutation: You passively map the area around you.
                  | [Meteoran growth]
  2421 | D:6      | Reached XP level 9. HP: 69/74 MP: 10/10
  2438 | D:6      | Reached skill level 5 in Armour
  2444 | D:6      | Reached skill level 1 in Evocations
  2587 | D:6      | HP: 2/70 [orc warrior/+0 scimitar (6)]
  2592 | D:6      | Found an opulent altar of Gozag.
  2804 | D:6      | Reached skill level 8 in Maces & Flails
  2991 | D:7      | Noticed Joseph
  3077 | D:7      | Gained mutation: You are hated by all. [Ru sacrifice]
  3077 | D:7      | Reached **** piety under Ru
  3089 | D:7      | Slain by Joseph

Illustrated notes

Levels and vault maps discovered:
D:1:      nzn_arrival_depleted_hourglass, layout_basic
D:2:      layout_basic, nrook_uturn
D:3:      layout_loops_ring, nicolae_ru_path_of_blood, evilmike_ruin_ashenzari,
          serial_shops, nicolae_shop_temple_entry_statues_fountains,
          hellmonk_ecumenical_altar_slurped_away
D:4:      layout_layer_cave, overflow_temple_1_default, serial_shops,
          shop_coins, minivault_26, uniq_natasha, uniq_pikel, uniq_sigmund
D:5:      layout_rooms, nicolae_wu_jian_wuxing_cycle
D:6:      layout_rooms, nicolae_gozag_seed_capital, temple_statues,
          nicolae_nh_ransacked_shop
D:7:      layout_rooms, grunt_dithmenos_smoke_and_mirrors,
          minmay_strange_pillars, serial_bayou_crossing, uniq_joseph

Skill      XL: |  1  2  3  4  5  6  7  8  9 |
---------------+----------------------------+-----
Maces & Flails | 3 4 5 6 7 8 |  8.8
Shields        | 4 0 |  0.0
Stealth        | 1 3 4 |  4.0
Fighting       | 4 5 6 |  6.0
Throwing       | 2 3 4 |  4.0
Armour         | 4 5 |  5.0
Dodging        | 2 3 4 |  4.0
Evocations     | 4 |  4.8

Action                     |  1- 3 |  4- 6 |  7- 9 || total
---------------------------+-------+-------+-------++-------
  Melee: Flail             |    78 |   117 |   244 ||   439
   Fire: Sling             |       |     5 |     5 ||    10
  Throw: Dart              |       |     3 |    12 ||    15
         Boomerang         |       |     3 |    21 ||    24
 Invoke: Sacrifice a Hand  |       |       |     1 ||     1
         Draw Out Power    |       |       |     1 ||     1
         Sacrifice Love    |       |       |     1 ||     1
  Evoke: Wand              |       |       |     6 ||     6
    Use: Potion            |       |     1 |       ||     1
   Stab: Invisible         |       |       |     4 ||     4
 Armour: Scale mail        |    29 |    54 |    84 ||   167
  Dodge: Dodged            |    23 |    35 |   102 ||   160
  Block: Buckler           |    19 |    21 |     7 ||    47

Table legend: (Time is in decaauts)
 A = Elapsed time spent in this place.
 B = Non-inter-level travel time spent in this place.
 C = Inter-level travel time spent in this place.
 D = Time resting spent in this place.
 E = Time spent auto-exploring this place.
 F = Levels seen in this place.
 G = Mean time per level.
                   A        B        C        D        E       F      G
               +--------+--------+--------+--------+--------+-----+--------+
         Total |   3151 |   2950 |    201 |      0 |    598 |   7 |  450.1 |
       Dungeon |   3151 |   2950 |    201 |      0 |    598 |   7 |  450.1 |
               +--------+--------+--------+--------+--------+-----+--------+

Top non-repeatable levels by time:
     D:2: 557 daAuts
     D:1: 527 daAuts
     D:3: 499 daAuts
     D:4: 487 daAuts
     D:6: 462 daAuts
     D:5: 407 daAuts
     D:7: 210 daAuts
